Map: Celestial Enclave LE

Players

HoldTheDoor

  • Race: Protoss Protoss
  • League: Diamond
  • Spawn Location: 1:00

Tholla - Winner!

  • Race: Terran Terran
  • League: Master
  • Spawn Location: 7:00

VOD

Have the link to the VOD?

Description

Time

  • Played on: May 2, 2026, 1:10 p.m.
  • Length: 9:52
Show
View Real Time Build Order
Export as new Build Order

HoldTheDoor Protoss 

Build Orders: 1 Gate Expand 

Get SALT Encoding   

  12  0:00  Probe  
  13  0:12  Probe  
  14  0:17  Pylon  
  14  0:23  Probe  
  15  0:31  Probe  
  16  0:38  Gateway  
  16  0:39  Probe  
  16  0:49  Assimilator  
  17  0:51  Probe  
  18  1:03  Probe  
  19  1:22  Nexus  
  19  1:25  Probe  
  20  1:35  Cybernetics Core  
  20  1:38  Probe  
  21  1:44  Assimilator  
  21  1:50  Probe  
  22  2:02  Probe  
  23  2:23  Pylon  
  23  2:25  Adept  
  23  2:29  Warp Gate  
  23  2:32  Shield Battery  
  23  2:34  Probe  
  23  2:35  Probe  
  27  2:46  Probe  
  27  2:47  Probe  
  29  2:51  Sentry  
  29  2:53  Pylon  
  31  2:58  Probe  
  31  2:59  Probe  
  33  3:12  Gateway  
  33  3:15  Robotics Facility  
  33  3:16  Shield Battery  
  31  3:45  Probe x2  
  33  3:55  Pylon  
  33  3:56  Immortal  
  33  3:57  Probe  
  34  4:04  Pylon  
  38  4:15  Stargate  
  38  4:18  Forge  
  38  4:23  Gateway  
  38  4:24  Gateway  
  38  4:26  Probe  
  38  4:27  Pylon  
  38  4:28  Stalker x2  
  38  4:29  Probe  
  44  4:35  Observer  
  44  4:38  Probe  
  46  4:42  Probe  
  46  4:43  Assimilator  
  47  4:50  Probe  
  47  4:51  Protoss Ground Weapons Level 1  
  48  4:54  Probe  
  48  4:59  Pylon  
  49  5:00  Pylon  
  49  5:02  Phoenix  
  49  5:06  Probe  
  52  5:11  Probe  
  52  5:12  Immortal  
  56  5:24  Stalker  
  58  5:38  Probe  
  58  5:40  Photon Cannon  
  59  5:43  Photon Cannon  
  59  5:49  Probe  
  60  5:53  Probe  
  61  5:58  Photon Cannon  
  61  6:00  Stalker  
  63  6:11  Probe x2  
  65  6:16  Assimilator  
  65  6:20  Photon Cannon, Pylon  
  65  6:25  Zealot x2  
  65  6:26  Zealot x2  
  65  6:31  Immortal  
  77  6:33  Protoss Ground Armor Level 1  
  77  6:43  Probe  
  78  6:50  Probe  
  79  7:01  Twilight Council  
  79  7:02  Probe x2  
  79  7:03  Pylon  
  79  7:06  Pylon  
  79  7:07  Sentry x2  
  85  7:09  Zealot x2  
  89  7:16  Probe  
  89  7:18  Immortal  
  89  7:21  Phoenix  
  96  7:27  Probe  
  97  7:30  Pylon, Probe  
  98  7:41  Probe  
  98  7:43  Robotics Bay  
  99  7:52  Nexus  
  99  7:56  Pylon  
  99  8:00  Pylon  
  99  8:02  Probe, Photon Cannon  
  100  8:07  Observer  
  101  8:12  Phoenix  
  101  8:14  Probe x2  
  101  8:18  Assimilator  
  105  8:22  Assimilator  
  105  8:26  Shield Battery  
  105  8:27  Shield Battery  
  105  8:28  Shield Battery  
  105  8:31  Probe  
  106  8:40  Colossus  
  112  8:58  Templar Archives  
  112  9:01  Pylon  
  112  9:07  Photon Cannon  
  112  9:11  Probe x2  
  112  9:12  Probe  
  115  9:23  Probe x2  
  115  9:24  Probe, Photon Cannon  
  118  9:26  Photon Cannon  
  116  9:33  Zealot  
  116  9:34  Zealot x3  
Show
View Real Time Build Order
Export as new Build Order

Tholla Terran - Winner!

Build Orders:  

Get SALT Encoding   

  12  0:00  SCV  
  13  0:12  SCV  
  14  0:17  Supply Depot  
  14  0:24  SCV  
  15  0:39  SCV  
  15  0:40  Barracks  
  16  0:43  Refinery  
  16  0:51  SCV  
  16  0:53  Refinery  
  17  1:03  SCV  
  18  1:15  SCV  
  19  1:27  Orbital Command  
  19  1:29  Reaper  
  19  1:31  Supply Depot  
  20  1:47  Factory  
  20  1:53  SCV  
  21  2:03  Reaper  
  22  2:08  SCV  
  22  2:14  Supply Depot  
  22  2:20  SCV  
  23  2:32  SCV  
  23  2:34  Hellion  
  26  2:39  Reaper  
  27  2:45  SCV  
  27  2:49  Command Center  
  28  3:00  Starport  
  28  3:15  SCV  
  28  3:19  Widow Mine  
  30  3:27  SCV  
  29  3:44  SCV  
  29  3:45  Medivac  
  29  3:46  Widow Mine  
  33  3:51  Barracks Reactor  
  33  3:52  Barracks  
  33  3:54  Barracks  
  33  4:01  Orbital Command  
  33  4:04  Bunker  
  33  4:06  SCV  
  34  4:20  Factory Tech Lab  
  34  4:31  Marine x2  
  34  4:38  Medivac  
  38  4:40  Siege Tank  
  38  4:42  Barracks Tech Lab  
  38  4:43  Barracks Tech Lab  
  38  4:44  SCV  
  38  4:45  SCV  
  43  4:48  Supply Depot  
  43  4:57  SCV x2  
  44  5:02  Marine x2  
  44  5:03  Marauder x2  
  50  5:09  SCV  
  51  5:26  SCV x2  
  53  5:34  Marine x2  
  53  5:35  Marauder x2  
  59  5:36  Siege Tank  
  59  5:38  SCV  
  59  5:40  Engineering Bay, SCV  
  59  5:42  Refinery x2, Stimpack, Combat Shield  
  64  5:54  Supply Depot  
  64  5:55  Supply Depot x2  
  64  6:09  Marine x2  
  64  6:10  Marauder x2  
  64  6:12  Starport Reactor  
  64  6:22  Supply Depot  
  64  6:24  Supply Depot  
  64  6:25  SCV x2, Supply Depot  
  66  6:28  Marine x2  
  68  6:36  Terran Infantry Weapons Level 1  
  68  6:39  SCV x2  
  70  6:47  Marine x2  
  70  6:48  Command Center  
  70  6:49  Marauder  
  74  6:55  Marauder  
  74  6:58  SCV x2  
  78  7:12  Marine x2  
  78  7:13  Marauder  
  78  7:15  Liberator x2  
  88  7:19  Marauder  
  88  7:20  SCV  
  88  7:21  SCV  
  92  7:25  Supply Depot  
  92  7:27  Supply Depot  
  92  7:30  Supply Depot  
  92  7:31  Marine x2  
  94  7:41  Cyclone  
  97  7:45  Marine x2  
  99  7:53  Marine x2  
  101  8:02  Medivac x2  
  101  8:03  Barracks, Marauder  
  101  8:05  Barracks  
  107  8:15  Engineering Bay  
  107  8:16  Armory  
  107  8:21  Supply Depot x2, Marine  
  107  8:22  Marine x2, Supply Depot  
  110  8:35  Marauder  
  110  8:40  Siege Tank, Marauder  
  117  8:41  Liberator  
  117  8:45  Orbital Command  
  120  8:51  Marine x2  
  122  8:56  Marine  
  123  9:08  Marauder  
  119  9:31  Marine x2  
Tags
 
Add a new tag
Caveats
  • Supply blocks, unpowered buildings, or Contaminate may cause inaccurate times.
  • Supply counts are checked every 10 seconds.